 Dungeon Crawl Stone Soup version 0.31.0-32-g396128a36d (webtiles) character file.

Game seed: 2478427044171886847

285 Zeor the Slasher (level 6, 0/51 HPs)
             Began as a Draconian Gladiator on Apr 16, 2024.
             Slain by a kobold brigand
             ... wielding a +0 short sword
              (3 damage)
             ... in a sewer.
             The game lasted 00:07:49 (1861 turns).

Zeor the Slasher (Draconian Gladiator)              Turns: 1861, Time: 00:07:50

Health: 0/51       AC:  6    Str: 17    XL:     6   Next: 7%
Magic:  0/6        EV: 13    Int:  8    God:
Gold:   55         SH:  0    Dex: 14    Spells: 5/5 levels left

rFire   . . .        a - +0 long sword
rCold   . . .        (no shield)
rNeg    . . .        (body armour unavailable)
rPois   .            b - +0 hat
rElec   .            (no cloak)
rCorr   .            (no gloves)
SInv    .            (no boots)
Will    .....        e - amulet of guardian spirit
Stlth   ++           (no ring)
HPRegen 0.28/turn    (no ring)
MPRegen 0.10/turn

%: guardian spirit
@: hasted, very quick
A: AC +6, unfitting armour, cold-blooded
a: no special abilities


You were in a sewer.
You visited 1 branch of the dungeon, and saw 3 of its levels.
You also visited: Sewer.

You collected 55 gold pieces.

Inventory:

Hand Weapons
 a - a +0 long sword (weapon)
Missiles
 c - 3 throwing nets
 f - 3 boomerangs (quivered)
 g - a javelin
 h - 13 poisoned darts
Armour
 b - a +0 hat (worn)
Jewellery
 e - an amulet of guardian spirit (around neck)
Potions
 d - a potion of haste


   Skills:
 * Level 3.3 Fighting
 * Level 5.3 Long Blades
 + Level 2.1 Throwing
 * Level 3.8 Dodging
 + Level 0.7 Stealth


You had 5 spell levels left.
You didn't know any spells.
Your spell library was empty.

Dungeon Overview and Level Annotations

Branches:
Dungeon (3/15)              Sewer (1/1)

Altars:
Nemelex Xobeh

Shops:
D:1 [


Innate Abilities, Weirdness & Mutations

Your plain brown scales are hard. (AC +6)
You cannot fit into any form of body armour.
You are cold-blooded and may be slowed by cold attacks.


Message History

The kobold brigand is heavily wounded.
The kobold brigand barely misses you. x2; The kobold closely misses you.
You slash the kobold brigand!
The kobold brigand is severely wounded.
The kobold brigand closely misses you.
The kobold brigand hits you with a +0 dagger.
You barely miss the kobold brigand.
The kobold brigand is severely wounded.
The kobold brigand hits you with a +0 short sword.
The kobold brigand closely misses you. x2
The kobold hits you but does no damage. The kobold hits you with a +0 club.
The kobold brigand hits you but does no damage.
The kobold brigand hits you with a +0 dagger!
The kobold brigand hits you but does no damage.
You slash the kobold brigand!
You kill the kobold brigand!
The kobold hits you but does no damage.
The kobold brigand hits you with a +0 dagger!
The kobold brigand hits you with a +0 short sword!
You have reached level 6!
Your scales feel tougher.
You slash the kobold brigand!
The kobold brigand is moderately wounded.
The kobold closely misses you.
The kobold brigand hits you but does no damage.
The kobold brigand hits you with a +0 short sword.
* * * LOW HITPOINT WARNING * * *
You closely miss the kobold brigand. You tail-slap the kobold brigand.
The kobold brigand is moderately wounded.
The kobold closely misses you.
The kobold brigand hits you with a +0 dagger.
* * * LOW HITPOINT WARNING * * *
The kobold brigand hits you with a +0 short sword.
* * * LOW HITPOINT WARNING * * *
It was a potion of haste.
You feel yourself speed up. The kobold hits you with a +0 club.
* * * LOW HITPOINT WARNING * * *
The kobold brigand completely misses you.
The kobold brigand hits you with a +0 short sword.
You die...

~~PP∙P∙∙∙∙∙~P~~P∙▒∙∙∙∙▒∙∙∙▒
~▒▒▒▒▒▒▒▒▒▒▒▒~~▒▒▒▒▒▒▒▒'▒▒▒
~~~~~~~~~~~~~~~~~~~~~~~~~≈▒
≈≈≈≈≈~≈≈≈≈≈~≈≈≈≈≈~≈≈≈≈≈~≈≈▒
~~~~~~~~~~~~~~~~~~~~~~~~~≈▒
▒▒▒▒▒▒▒~~~▒▒▒▒▒▒▒▒▒▒▒▒▒▒▒▒▒
P∙∙∙P~~P~~~~~∙∙∙∙▒!∙∙∙▒
~∙∙P~~†∙~~~~∙∙∙∙KK∙?∩∙▒
∙∙∙∙∙∙∙∙∙∙P∙∙∙P∙dK∙∙∙?▒
∙∙∙∙∙∙∙∙∙∙∙∙∙∙∙∙)▒∙∙∙∙▒
∙∙∙∙∙P∙∙∙∙∙∙∙∙∙∙∙▒ ▒▒▒▒
∙∙∙∙∙∙∙∙∙∙∙∙∙∙∙∙▒▒
∙∙∙∙∙▒▒∙∙∙∙∙∙∙∙∙▒
▒∙∙∙▒▒▒▒∙∙▒▒▒▒▒▒▒ ▒▒▒▒▒
▒▒▒▒


You could see 2 kobold brigands and a kobold.

Vanquished Creatures
  2 kobold brigands (Sewer)
  An orc wizard (D:3)
  2 adders (D:2)
  A river rat (D:3)
  2 ribbon worms (D:2)
  3 dart slugs
  6 orcs (D:3)
  7 bats
  5 endoplasms
  3 giant cockroaches
  4 goblins
  6 hobgoblins
  4 jackals (D:1)
  3 quokkas
  5 ball pythons
  4 frilled lizards
  14 kobolds
  5 rats
77 creatures vanquished.

Notes
Turn   | Place    | Note
-------+----------+-------------------------------------------
     0 | D:1      | Zeor the Draconian Gladiator began the quest for the Orb.
     0 | D:1      | Reached XP level 1. HP: 17/17 MP: 1/1
   171 | D:1      | Reached XP level 2. HP: 18/24 MP: 2/2
   351 | D:1      | Found Dumek's Antique Armour Shop.
   613 | D:2      | Reached XP level 3. HP: 28/30 MP: 3/3
   929 | D:2      | Reached XP level 4. HP: 37/37 MP: 4/4
  1194 | D:3      | Reached skill level 4 in Long Blades
  1286 | D:3      | Found a sparkling altar of Nemelex Xobeh.
  1447 | D:3      | Reached XP level 5. HP: 19/44 MP: 3/5
  1461 | D:3      | Found a glowing drain.
  1468 | Sewer    | Entered a sewer
  1571 | Sewer    | Reached skill level 5 in Long Blades
  1859 | Sewer    | Reached XP level 6. HP: 16/51 MP: 1/6
  1861 | Sewer    | Slain by a kobold brigand

Illustrated notes

Levels and vault maps discovered:
D:1:      ldierk_walled_garden, layout_loops_cross, serial_shops, shop,
          st_stairs_6
D:2:      layout_rooms, nicolae_twisty_statue_hallways
D:3:      layout_basic, mainiacjoe_overflow_divided_tiny,
          nemelex_xobeh_ov_fountains_minmay,
          mainiacjoe_sewer_entry_somewhere_in_here_2,
          nicolae_ecumenical_lake_church, grunt_ministairs_7
Sewer:    kennysheep_pipe_town

Skill      XL: |  1  2  3  4  5 |
---------------+----------------+-----
Dodging        | 3 |  3.8
Throwing       | 2 |  2.1
Long Blades    | 4 5 |  5.3
Fighting       | 3 |  3.3
Stealth        | |  0.7

Action                     |  1- 3 |  4- 6 || total
---------------------------+-------+-------++-------
  Melee: Long sword        |   104 |   124 ||   228
         Tailslap          |    12 |    13 ||    25
  Throw: Boomerang         |       |     9 ||     9
         Javelin           |       |     2 ||     2
    Use: Scroll            |     1 |     1 ||     2
         Potion            |       |     2 ||     2
   Stab: Sleeping          |     4 |       ||     4
 Armour: Skin              |    56 |   100 ||   156
  Dodge: Dodged            |    69 |    69 ||   138
